 Dungeon Crawl Stone Soup version 0.31-a0-618-g7ca08c1ff9 (webtiles) character file.

Game seed: 108715961235356627

372024 rjrrt the Executioner (level 21, -6/202 HPs)
             Began as a Minotaur Fighter on Aug 23, 2023.
             Was the Champion of Okawaru.
             Mangled by a vampire knight
             ... wielding a +0 war axe
              (16 damage)
             ... on level 2 of the Depths.
             The game lasted 01:48:52 (35032 turns).

rjrrt the Executioner (Minotaur Fighter)           Turns: 35032, Time: 01:48:53

Health: -6/202     AC: 29    Str: 32    XL:     21   Next: 71%
Magic:  30/30      EV: 16    Int:  3    God:    Okawaru [******]
Gold:   3699       SH: 24    Dex:  8    Spells: 20/20 levels left

rFire   . . .        a - +11 broad axe "Astroh" {freeze, +Blink rPois Int-3 Stlth+}
rCold   . . .        D - +5 Storm Queen's Shield {shock, Fly rElec}
rNeg    . . .        L - +7 faerie dragon scales {Harm +Blink Will++ rCorr Int-4}
rPois   +            f - +1 hat "Niobukh" {Int+2}
rElec   +            O - +2 cloak
rCorr   +            p - +2 pair of gloves
SInv    .            P - +0 pair of boots of the Endless Expanse {Fly Regen+ Int+3 Stlth+}
Will    ++++.        u - amulet of reflection
Stlth   +++          n - ring of willpower
HPRegen 1.33/turn    v - +4 ring of slaying
MPRegen 0.22/turn

%: harm (+30% outgoing, +20% incoming), reflection
@: flayed, flying
A: horns 2, retaliatory headbutt, clumsy 1
}: 2/15 runes: decaying, gossamer
a: Renounce Religion, Evoke Blink, Heroism, Finesse, Duel


You were on level 2 of the Depths.
You worshipped Okawaru.
Okawaru was exalted by your worship.
You visited 9 branches of the dungeon, and saw 40 of its levels.
You also visited: Trove, Ossuary, Gauntlet and Volcano.

You collected 4949 gold pieces.
You spent 1250 gold pieces at shops.

Inventory:

Hand Weapons
 a - the +11 broad axe "Astroh" (weapon) {freeze, +Blink rPois Int-3 Stlth+}
   (You found it on level 2 of the Swamp)

   Int-3:     It affects your intelligence (-3).
   rPois:     It protects you from poison +Blink: It lets you blink.
   Stlth+:    It makes you more stealthy.
 b - a +2 trident of draining
 K - a +4 heavy broad axe
Missiles
 g - 9 silver javelins (quivered)
 t - 3 throwing nets
Armour
 f - the +1 hat "Niobukh" (worn) {Int+2}
   (Okawaru gifted it to you on level 3 of the Spider Nest)

   Int+2:     It affects your intelligence (+2).
 p - a +2 pair of gloves (worn)
 D - the +5 Storm Queen's Shield (worn) {shock, Fly rElec}
   (You bought it in a shop on level 2 of the Vaults)

   Shock:     When it blocks an attack, it may electrocute the attacker.
   This works even against foes who are a short distance away.
   rElec:     It insulates you from electricity.
   Fly:       It grants you flight.
 L - the +7 faerie dragon scales (worn) {Harm +Blink Will++ rCorr Int-4}
   (You took it off the Enchantress on level 1 of the Depths)

   Int-4:     It affects your intelligence (-4).
   Will++:    It greatly increases your willpower.
   +Blink:    It lets you blink.
   rCorr:     It protects you from acid and corrosion.
   Harm:      It increases damage dealt and taken.
 O - a +2 cloak (worn)
 P - the +0 pair of boots of the Endless Expanse (worn) {Fly Regen+ Int+3 Stlth+}
   (Okawaru gifted it to you on level 13 of the Dungeon)

   Int+3:     It affects your intelligence (+3).
   Fly:       It grants you flight.
   Regen+:    It increases your rate of health regeneration.
   Stlth+:    It makes you more stealthy.
 V - the +4 chain mail of Good Intentions {rElec rCorr Slay+3 Stlth+}
   (You found it on level 5 of the Lair of Beasts)

   Slay+3:    It affects your accuracy & damage with ranged weapons and melee
   (+3).
   rElec:     It insulates you from electricity.
   rCorr:     It protects you from acid and corrosion.
   Stlth+:    It makes you more stealthy.
Jewellery
 n - a ring of willpower (left hand)
 u - an amulet of reflection (around neck)
 v - a +4 ring of slaying (right hand)
 w - a ring of positive energy
 G - an amulet of regeneration
 H - a ring of willpower
Wands
 c - a wand of polymorph (21)
 d - a wand of mindburst (12)
 I - a wand of light (27)
 J - a wand of iceblast (45)
 W - a wand of digging (4)
Scrolls
 h - 3 scrolls of silence
 k - 10 scrolls of blinking
 m - 12 scrolls of teleportation
 q - 4 scrolls of revelation
 y - 16 scrolls of identify
 A - 4 scrolls of enchant armour
 E - 6 scrolls of fear
 F - 4 scrolls of fog
Potions
 e - 5 potions of invisibility
 i - 4 potions of mutation
 j - 7 potions of haste
 l - 16 potions of curing
 o - 3 potions of lignification
 r - 4 potions of magic
 s - a potion of heal wounds
 x - 3 potions of might
 z - 3 potions of attraction
 B - 7 potions of enlightenment
 C - 8 potions of ambrosia
 R - 2 potions of cancellation
 T - 4 potions of resistance
 U - a potion of berserk rage


   Skills:
 * Level 20.4 Fighting
 - Level 22.0 Axes
 + Level 19.8 Armour
 + Level 18.1 Dodging
 + Level 19.6 Shields
 - Level 14.0 Invocations
 - Level 10.0 Evocations


You had 20 spell levels left.
You didn't know any spells.
Your spell library contained the following spells:

 Spells                   Type           Power      Damage    Failure   Level
 Apportation              Tloc           0%         N/A       63%         1
 Kiss of Death            Conj/Necr      0%         2d5       63%         1
 Magic Dart               Conj           0%         1d3       63%         1
 Sandblast                Erth           0%         2d4       63%         1
 Blink                    Tloc           0%         N/A       77%         2
 Cigotuvi's Dreadful Rot  Necr/Pois/Air  0%         N/A       77%         2
 Ensorcelled Hibernation  Hex/Ice        0%         N/A       77%         2
 Momentum Strike          Conj/Tloc      0%         3d8       77%         2
 Passwall                 Tmut/Erth      0%         N/A       77%         2
 Poisonous Vapours        Pois/Air       0%         N/A       77%         2
 Searing Ray              Conj           0%         2d4       77%         2
 Static Discharge         Conj/Air       0%         2-2/arc   77%         2
 Sublimation of Blood     Necr           0%         N/A       77%         2
 Wereblood                Tmut           0%         N/A       77%         2
 Confusing Touch          Hex            0%         N/A       94%         3
 Dazzling Flash           Conj/Hex       0%         N/A       94%         3
 Gell's Gravitas          Tloc           0%         N/A       94%         3
 Ignite Poison            Fire/Tmut/Pois 0%         N/A       94%         3
 Inner Flame              Hex/Fire       0%         N/A       94%         3
 Mephitic Cloud           Conj/Pois/Air  0%         N/A       94%         3
 Portal Projectile        Hex/Tloc       0%         N/A       94%         3
 Stone Arrow              Conj/Erth      0%         3d7       94%         3
 Swiftness                Air            0%         N/A       94%         3
 Teleport Other           Tloc           0%         N/A       94%         3
 Vhi's Electric Charge    Tloc/Air       0%         N/A       94%         3
 Dispel Undead            Necr           0%         3d6       100%        4
 Flame Wave               Conj/Fire      0%         2d4       100%        4
 Fulminant Prism          Conj/Hex       0%         3d5       100%        4
 Leda's Liquefaction      Hex/Erth       0%         N/A       100%        4
 Manifold Assault         Tloc           0%         N/A       100%        4
 Sticky Flame             Conj/Fire      0%         2d3       100%        4
 Agony                    Necr           0%         N/A       100%        5
 Alistair's Intoxication  Tmut/Pois      0%         N/A       100%        5
 Arcjolt                  Conj/Air       0%         1d10      100%        5
 Borgnjor's Vile Clutch   Necr/Erth      0%         N/A       100%        5
 Freezing Cloud           Conj/Ice/Air   0%         6-21      100%        5
 Silence                  Hex/Air        0%         N/A       100%        5
 Yara's Violent Unravell  Hex/Tmut       0%         3d3       100%        5
 Dispersal                Tloc           0%         N/A       100%        6
 Eringya's Noxious Bog    Tmut/Pois      0%         4d6       100%        6
 Plasma Beam              Fire/Air       0%         2x1d10    100%        6
 Enfeeble                 Hex            0%         N/A       100%        7
 Orb of Destruction       Conj           0%         9d5       100%        7
 Borgnjor's Revivificati  Necr           0%         N/A       100%        8
 Maxwell's Capacitive Co  Air            0%         ∞         100%        8
 Death's Door             Necr           0%         N/A       100%        9
 Fire Storm               Conj/Fire      0%         5d1       100%        9
 Call Canine Familiar     Summ           Unusable   N/A       N/A         3
 Summon Guardian Golem    Hex/Summ       Unusable   N/A       N/A         3
 Summon Ice Beast         Ice/Summ       Unusable   N/A       N/A         4
 Summon Mana Viper        Hex/Summ       Unusable   N/A       N/A         5
 Death Channel            Necr           Unusable   N/A       N/A         6
 Haunt                    Necr/Summ      Unusable   N/A       N/A         7
 Monstrous Menagerie      Summ           Unusable   N/A       N/A         7
 Spellforged Servitor     Conj/Summ      Unusable   N/A       N/A         7
 Summon Hydra             Summ           Unusable   N/A       N/A         7

Dungeon Overview and Level Annotations

Branches:
Dungeon (15/15)            Temple (1/1) D:4            Lair (5/5) D:9
  Swamp (4/4) Lair:2       Spider (4/4) Lair:2        Slime (0/5) Lair:4
    Orc (2/2) D:10            Elf (0/3) Orc:2        Vaults (4/5) D:14
  Crypt (3/3) Vaults:3     Depths (2/4) D:15        Ossuary (visited)
Volcano (visited)         Gauntlet (visited)
   Tomb: Crypt:3

Altars:
Ashenzari
Cheibriados
Dithmenos
Elyvilon
Fedhas
Gozag
Hepliaklqana
Kikubaaqudgha
Makhleb
Nemelex Xobeh
Okawaru
Qazlal
Ru
Sif Muna
Trog
Uskayaw
Vehumet
Wu Jian
Xom
Yredelemnul
Zin
The Shining One
Jiyva

Shops:
D:2 *   D:6 :(=   D:8 :   D:11 *   Orc:1 (   Orc:2 !((?   Vaults:2 [!(
Vaults:4 =

Portals:
Hell: Depths:1

Annotations:
Lair:2 2 transporters, snackwell's ghost, journeyman DEAE
Spider:3 1 exclusion, Mara
Crypt:3 2 runed translucent doors


Innate Abilities, Weirdness & Mutations

You have a pair of horns on your head.
You reflexively headbutt those who attack you in melee.
You are clumsy. (Dex -2)


Message History

Unknown command.
You hit something.
You closely miss the phantasmal warrior.
You are too injured to fight recklessly!
Unknown command.
You hit something. You slash the phantasmal warrior!
You freeze the phantasmal warrior.
The flayed ghost cries, "Suffer as I suffered!"
Terrible wounds spread across more of your body!
* * * LOW HITPOINT WARNING * * *
You hear some strange, mumbled words.
The phantasmal warrior hits you!
* * * LOW HITPOINT WARNING * * *
Unknown command.
Unknown command.
You are too injured to fight recklessly!
You feel much better. Something hits you but does no damage.
Something bites you but does no damage.
The flayed ghost cries, "Suffer as I suffered!"
Terrible wounds spread across more of your body!
* * * LOW HITPOINT WARNING * * *
You block the phantasmal warrior's attack.
Unknown command.
You closely miss something. You headbutt something!
You hit the phantasmal warrior but do no damage.
Something barely misses you. Something bites you but does no damage.
A green ugly thing comes into view.
The phantasmal warrior barely misses you.
You furiously retaliate!
You headbutt the phantasmal warrior.
Unknown command.
The green ugly thing gurgles horribly!
You slash something! Your headbutt misses something.
You slash the green ugly thing! You freeze the green ugly thing.
You slash the phantasmal warrior! You freeze the phantasmal warrior.
You destroy the phantasmal warrior!
Okawaru accepts your kill. Something hits you!!
* * * LOW HITPOINT WARNING * * *
Something bites you but does no damage. Something hits you!
You die...

. ########### ##
..#.........# .#####
...........###.#...##
...........#........#
#...................#
>.....u.............#
....u.{@............#
.W..t..(..)..........
u.........[..........
.............≈.§..#..
.........(..§≈≈§..# .
..........§§§≈≈§..#
.#.#.......≈≈≈≈≈...
...#..##...≈§.....
............#...


You could see 3 ugly things, a snapping turtle and a flayed ghost.

Vanquished Creatures
  Boris (Crypt:2)
  the Enchantress (Depths:1)
  Arachne (Spider:3)
  A profane servitor (Depths:1)
  2 doom hounds (Crypt:1)
  2 liches
  A shard shrike skeleton (Crypt:2)
  Grunn (Crypt:1)
  Frances (Spider:1)
  3 sphinxes
  Gastronok (Lair:2)
  10 ancient champions
  2 tengu reavers
  3 emperor scorpions (Spider:4)
  A fenstrider witch (Swamp:2)
  2 frost giants (Depths:1)
  Louise (Swamp:2)
  16 vault wardens
  3 fire giants
  2 orc warlords (Vaults:3)
  A balrug (Depths:1)
  3 curse skulls
  17 ironbound preservers
  3 ghost moths (Spider:4)
  5 ghouls
  A formless jellyfish (Vaults:3)
  4 stone giants
  4 spriggan defenders
  3 broodmothers
  9 very ugly things
  5 vampire knights
  A juggernaut skeleton (Crypt:3)
  8 ironbound thunderhulks
  A minotaur (Gauntlet)
  2 bunyips
  5 dire elephants (Vaults:4)
  7 eleionomae
  4 spark wasps (Depths:1)
  7 eidola
  2 pearl dragon zombies (Depths:1)
  2 ettins
  3 fire dragons
  7 entropy weavers
  3 deep elf death magi
  An acid blob zombie (Crypt:1)
  Josephine (D:10)
  2 rakshasas
  Harold (Lair:1)
  21 jiangshi
  9 yaktaur captains
  An ice dragon (Lair:5)
  15 vault guards
  7 great orbs of eyes
  3 ghost crabs
  6 alligators
  6 spriggan air magi
  5 ironbound frosthearts
  A jorogumo (Spider:4)
  An anaconda (Lair:5)
  13 centaur warriors
  16 hydras
  9 boulder beetles
  4 radroaches
  An ogre mage (D:15)
  3 death knights
  2 two-headed ogres (D:14)
  13 vampire magi
  3 hell hogs (Depths:1)
  A tengu warrior (Depths:1)
  A naga warrior (D:14)
  6 demonic crawlers
  3 orc high priests (Orc:2)
  A storm dragon zombie (Crypt:3)
  2 sun demons (Depths:1)
  A deep troll earth mage (D:15)
  Nergalle (Lair:1)
  A spriggan berserker (Depths:1)
  3 soul eaters
  2 skysharks (Lair:3)
  Amaemon (D:11)
  4 shadow wraiths
  5 pharaoh ants
  A spectral death yak (Lair:2)
  2 sun moths
  22 skeletal warriors
  41 deep trolls
  2 goliath frogs (Swamp:1)
  An obsidian statue (Crypt:2)
  8 orb spiders
  13 swamp dragons
  A bunyip skeleton (Crypt:2)
  4 flayed ghosts
  4 spriggan druids
  5 steelbarb worms
  A glowing orange brain (Vaults:1)
  An anaconda zombie (Crypt:3)
  9 bog bodies
  12 phantasmal warriors
  13 wizards
  10 lindwurms
  3 necromancers
  8 ironbound convokers
  8 orc knights
  A jorogumo zombie (Crypt:1)
  4 deep elf pyromancers
  6 manticores
  5 orc sorcerers (Orc:2)
  39 ugly things
  4 will-o-the-wisps
  5 moths of wrath
  3 salamanders (Volcano)
  9 cyclopes
  A spectral boulder beetle (Lair:2)
  14 wolf spiders
  19 vault sentinels
  2 frost giant zombies (Depths:1)
  4 apis skeletons (Depths:1)
  17 elephants
  A stone giant skeleton (Crypt:3)
  2 dire elephant zombies (Crypt:3)
  An eye of devastation (shapeshifter) (Vaults:2)
  10 torpor snails
  3 black mambas
  13 cane toads
  2 gargoyles
  An orange demon (D:11)
  Jeremiah (D:6)
  A torpor snail (shapeshifter) (D:14)
  A yellow draconian zombie (Crypt:1)
  A centaur skeleton (Crypt:3)
  A storm dragon simulacrum (Depths:1)
  A rime drake (Lair:4)
  2 efreet
  5 unseen horrors
  10 yaktaurs
  3 tengu conjurers
  4 freezing wraiths
  8 komodo dragons
  A rime drake (shapeshifter) (D:14)
  A hydra zombie (Crypt:3)
  2 death drake zombies
  14 polar bears
  9 tyrant leeches
  A bloated husk (Swamp:3)
  6 meliai
  7 trolls
  A wolf spider simulacrum (Gauntlet)
  A mana viper skeleton (Crypt:1)
  22 tarantellas
  A guardian serpent zombie (Crypt:1)
  24 hornets
  14 blink frogs
  2 raiju (Lair:5)
  An ettin zombie (Crypt:3)
  A spectral black mamba (Lair:2)
  31 jumping spiders
  3 centaur simulacra
  22 culicivoras
  11 flying skulls
  A spriggan skeleton (Depths:1)
  17 slime creatures
  10 wyverns
  A black mamba skeleton (Crypt:3)
  23 spriggans
  2 vampires
  9 wraiths
  47 yaks
  5 fire bats (Volcano)
  7 basilisks
  6 steam dragons
  2 spectral cane toads (Lair:2)
  2 human zombies (Vaults:1)
  56 redbacks
  9 wargs
  11 vampire mosquitoes
  7 swamp worms
  A glowing shapeshifter zombie (Crypt:1)
  A two-headed ogre skeleton (Crypt:2)
  An acid dragon (D:7)
  A hydra simulacrum (Gauntlet)
  11 water moccasins
  13 hell hounds (Lair:5)
  10 swamp drakes
  24 orc warriors
  3 sky beasts
  A cane toad skeleton (Crypt:2)
  19 ogres
  12 black bears
  A hornet zombie (Crypt:2)
  2 ice beasts
  29 wolves
  12 centaurs
  2 phantoms (D:5)
  An elf simulacrum (Vaults:1)
  3 kobold brigands
  9 bullfrogs
  A gnoll sergeant (D:12)
  2 wyvern zombies (Ossuary)
  A draconian skeleton (Crypt:2)
  A necrophage (Crypt:3)
  3 scorpions
  A water moccasin zombie (Crypt:3)
  A yak skeleton (Crypt:1)
  8 electric eels
  3 howler monkeys
  4 bullfrog zombies (Ossuary)
  4 centaur zombies
  19 orc priests
  7 jellies
  9 hounds
  2 iguanas
  38 orc wizards
  5 hell rats (Lair:3)
  2 killer bee zombies (Ossuary)
  A deep dwarf skeleton (Crypt:1)
  A tengu skeleton (Crypt:3)
  18 mummies
  3 howler monkey zombies
  11 adders
  6 gnolls
  2 shadow imps
  3 white imps
  A worm (D:2)
  3 dart slugs
  98 orcs
  8 bats
  8 endoplasms
  3 giant cockroaches
  10 goblins
  9 hobgoblins
  14 jackals
  27 kobolds
  3 quokkas
  6 ball pythons
  3 frilled lizards
  A hobgoblin zombie (Crypt:2)
  A quokka skeleton (Crypt:1)
  5 rats
  A spectral orc (D:3)
  A spectral weapon (Swamp:4)
1615 creatures vanquished.

Vanquished Creatures (others)
  A tyrant leech (Swamp:4)
  A hornet (Swamp:4)
  An orc (D:3)
  8 foxfires
11 creatures vanquished.

Grand Total: 1626 creatures vanquished

Notes
Turn   | Place    | Note
-------+----------+-------------------------------------------
     0 | D:1      | rjrrt the Minotaur Fighter began the quest for the Orb.
     0 | D:1      | Reached XP level 1. HP: 19/19 MP: 0/0
    57 | D:1      | Reached skill level 3 in Axes
    79 | D:1      | Reached XP level 2. HP: 26/26 MP: 1/1
   195 | D:1      | Reached skill level 4 in Axes
   281 | D:1      | Reached XP level 3. HP: 28/31 MP: 2/2
   792 | D:2      | Found Detohecup's General Store.
   806 | D:2      | Bought a potion of degeneration for 11 gold pieces
   806 | D:2      | Bought a scroll of identify for 22 gold pieces
   937 | D:2      | Reached skill level 5 in Axes
  1067 | D:2      | Reached XP level 4. HP: 39/39 MP: 3/3
  1641 | D:3      | Reached skill level 6 in Axes
  1701 | D:3      | Found a glowing golden altar of the Shining One.
  1720 | D:3      | Reached XP level 5. HP: 45/45 MP: 4/4
  2282 | D:3      | Found a basalt altar of Yredelemnul.
  2374 | D:3      | Reached skill level 7 in Axes
  2382 | D:3      | Found a snail-covered altar of Cheibriados.
  2429 | D:3      | Found a hide-covered altar of Uskayaw.
  2815 | D:4      | Found a staircase to the Ecumenical Temple.
  2816 | D:4      | Noticed an ogre
  2823 | D:4      | Killed an ogre
  2824 | D:4      | Reached skill level 8 in Axes
  2824 | D:4      | Reached XP level 6. HP: 8/51 MP: 5/5
  2890 | Temple   | Entered the Ecumenical Temple
  2898 | Temple   | Became a worshipper of Warmaster Okawaru
  2933 | D:4      | Found a sand-covered staircase.
  2939 | Ossuary  | Entered an ossuary
  2978 | Ossuary  | Reached skill level 1 in Invocations
  2986 | Ossuary  | Reached XP level 7. HP: 25/57 MP: 5/7
  3030 | Ossuary  | Reached skill level 9 in Axes
  3058 | Ossuary  | Reached * piety under Okawaru
  3283 | Ossuary  | Reached skill level 10 in Axes
  3471 | Ossuary  | Reached XP level 8. HP: 64/64 MP: 9/9
  3605 | D:4      | Found a sparkling altar of Nemelex Xobeh.
  3624 | D:4      | Reached skill level 1 in Dodging
  3858 | D:4      | Found a stormy altar of Qazlal.
  4278 | D:5      | Entered Level 5 of the Dungeon
  4304 | D:5      | Reached ** piety under Okawaru
  4305 | D:5      | Reached skill level 11 in Axes
  4319 | D:5      | Reached skill level 1 in Evocations
  4381 | D:5      | Identified a scroll of acquirement
  4381 | D:5      | Acquired the +4 kite shield "Osiddam" {rC+ Regen+}
  4503 | D:5      | Found a bloodstained altar of Trog.
  4546 | D:5      | Found a radiant altar of Vehumet.
  4580 | D:5      | Found a hazy altar of Hepliaklqana.
  4691 | D:5      | Reached XP level 9. HP: 72/72 MP: 11/11
  4741 | D:5      | Found a shadowy altar of Dithmenos.
  4999 | D:6      | Reached skill level 5 in Armour
  5031 | D:6      | Acquired a manual of Axes
  5047 | D:6      | Reached skill level 5 in Fighting
  5097 | D:6      | Noticed Jeremiah
  5112 | D:6      | Killed Jeremiah
  5112 | D:6      | Reached *** piety under Okawaru
  5128 | D:6      | Found Huma's Antique Weapon Boutique.
  5182 | D:6      | Found Ymex Gop's Jewellery Shoppe.
  5187 | D:6      | Bought a ring of poison resistance for 200 gold pieces
  5192 | D:6      | Found Ammogoas's Book Shop.
  5260 | D:6      | Reached skill level 12 in Axes
  5429 | D:6      | Found a shimmering blue altar of Sif Muna.
  5486 | D:6      | Reached skill level 5 in Invocations
  5650 | D:7      | Reached skill level 5 in Shields
  5690 | D:7      | Reached **** piety under Okawaru
  6080 | D:8      | Reached XP level 10. HP: 83/83 MP: 13/13
  6174 | D:8      | Found Ylowahar's Tremendous Tomes.
  6221 | D:8      | Reached skill level 13 in Axes
  6275 | D:8      | You fall into a shaft and drop 1 floor!
  6277 | D:9      | Found a staircase to the Lair.
  6311 | D:9      | Found a sacrificial altar of Ru.
  6317 | D:9      | Noticed a cyan ugly thing
  6336 | D:9      | Killed a cyan ugly thing
  6392 | D:9      | Noticed a gargoyle
  6400 | D:9      | Killed a gargoyle
  6459 | D:9      | Found a burning altar of Makhleb.
  6531 | D:9      | Reached skill level 14 in Axes
  6614 | D:9      | Reached ***** piety under Okawaru
  6614 | D:9      | Identified the +0 pair of boots "Wuon" {rC+++ Int+4}
                  | (Okawaru gifted it to you on level 9 of the Dungeon)
  6614 | D:9      | Received a gift from Okawaru
  6642 | D:9      | Reached skill level 5 in Dodging
  7063 | D:8      | Found a broken altar of Ashenzari.
  7498 | D:10     | Entered Level 10 of the Dungeon
  7541 | D:10     | Reached XP level 11. HP: 91/92 MP: 14/14
  7552 | D:10     | Reached skill level 15 in Axes
  7609 | D:10     | Noticed Josephine
  7623 | D:10     | Killed Josephine
  7624 | D:10     | Reached skill level 5 in Evocations
  7784 | D:10     | Found a staircase to the Orcish Mines.
  7922 | D:10     | Found a portal to a secret trove of treasure.
  7930 | Trove    | Entered a treasure trove
  7954 | Trove    | Identified the +9 dagger of the Burning Soothsayer
                  | {antimagic, rF+ Will+ Dex+2}
  7966 | Trove    | Identified the +2 dagger "Qomimips" {elec, rElec Str+5}
  7968 | Trove    | Identified the +4 mace "Zomaseab" {elec, Dex+3}
  7979 | Trove    | Identified the +8 dagger of Kismet {venom, rElec Will+
                  | Int-3}
  8500 | D:11     | Noticed Amaemon
  8539 | Lair:1   | Entered Level 1 of the Lair of Beasts
  8549 | D:9      | Reached skill level 16 in Axes
  8664 | Lair:1   | Noticed Nergalle
  8688 | Lair:1   | Killed Nergalle
  8710 | Lair:1   | Noticed a boulder beetle
  8729 | Lair:1   | Killed a boulder beetle
  8867 | Lair:1   | Reached XP level 12. HP: 101/103 MP: 16/16
  8873 | Lair:1   | Reached skill level 17 in Axes
  9068 | Lair:1   | Noticed Harold
  9086 | Lair:1   | Killed Harold
  9220 | Lair:1   | Noticed a fire dragon
  9254 | Lair:1   | Killed a fire dragon
  9778 | Lair:2   | Found a dark tunnel.
  9787 | Volcano  | Entered a volcano
  9987 | Volcano  | Reached skill level 18 in Axes
 10272 | Volcano  | Noticed a fire dragon
 10285 | Volcano  | Killed a fire dragon
 10376 | Lair:2   | Noticed Gastronok
 10419 | Lair:2   | Killed Gastronok
 10420 | Lair:2   | Reached XP level 13. HP: 66/112 MP: 18/18
 10479 | Lair:2   | Found a hole to the Spider Nest.
 10599 | Lair:2   | Found a transporter.
 10612 | Lair:2   | Found a transporter.
 10613 | Lair:2   | Noticed snackwell's ghost (journeyman DEAE)
 10630 | Lair:2   | Found a bloodstained altar of Trog.
 10845 | Lair:2   | Found a staircase to the Swamp.
 10872 | Lair:2   | HP: 3/112 [something (11)]
 11004 | Lair:2   | You fall into a shaft and drop 2 floors!
 11012 | Lair:4   | Reached skill level 10 in Fighting
 11012 | Lair:4   | Reached skill level 10 in Armour
 11273 | Lair:3   | Found a gate leading to a gauntlet.
 11301 | Gauntlet | Entered a Gauntlet
 11301 | Gauntlet | Found a transporter.
 11301 | Gauntlet | Found a transporter.
 11302 | Gauntlet | Found a runed translucent door.
 11308 | Gauntlet | Found a transporter.
 11311 | Gauntlet | Found a transporter.
 11312 | Gauntlet | Found a transporter.
 11314 | Gauntlet | Found a transporter.
 11353 | Gauntlet | Found the +4 robe of Folly {Brill Will-∞ Int+8}
 11355 | Gauntlet | Found a transporter.
 11356 | Gauntlet | Found a transporter.
 11356 | Gauntlet | Found a transporter.
 11373 | Gauntlet | Found a transporter.
 11381 | Gauntlet | Noticed a green death
 11390 | Gauntlet | Found a transporter.
 11400 | Gauntlet | Found a transporter.
 11402 | Gauntlet | Noticed a balrug
 11405 | Gauntlet | Found a transporter.
 11445 | Gauntlet | Found a transporter.
 11563 | Gauntlet | Reached skill level 10 in Shields
 11599 | Gauntlet | Noticed a minotaur
 11612 | Gauntlet | Killed a minotaur
 11623 | Gauntlet | Identified the +5 ring mail "Loug" {rC+ Dex+2}
 11624 | Gauntlet | Got the Spellbook of the Fifth Circle
 12940 | Lair:4   | Found a viscous altar of Jiyva.
 12941 | Lair:4   | Found a staircase to the Slime Pits.
 13157 | Lair:5   | Entered Level 5 of the Lair of Beasts
 13165 | Lair:5   | Reached skill level 19 in Axes
 13195 | Lair:5   | Reached XP level 14. HP: 124/124 MP: 20/20
 13330 | Lair:5   | Identified the +1 leather armour of the Slug {rElec rPois
                  | rC- Stlth+}
 13355 | Lair:5   | Identified the +5 kite shield of Intercession {rC++ Will-
                  | Int+4} (Okawaru gifted it to you on level 5 of the Lair of
                  | Beasts)
 13355 | Lair:5   | Received a gift from Okawaru
 13632 | Lair:5   | Found a runed translucent door.
 13814 | Lair:5   | Reached skill level 10 in Dodging
 14031 | Lair:5   | Identified the +6 halberd of the Depths {flame, Str+3 Int+4
                  | Dex+3}
 14037 | Lair:5   | Identified the +4 chain mail of Good Intentions {rElec
                  | rCorr Slay+3 Stlth+}
 14209 | Lair:5   | Reached skill level 10 in Invocations
 14256 | Lair:5   | Received a gift from Okawaru
 14795 | Orc:1    | Entered Level 1 of the Orcish Mines
 14839 | Orc:1    | Found Kuogga's Antique Weapon Shoppe.
 14927 | Orc:2    | Entered Level 2 of the Orcish Mines
 14941 | Orc:2    | Reached ****** piety under Okawaru
 15491 | Orc:2    | Found a staircase to the Elven Halls.
 15913 | Orc:2    | Found Hoaghorch's Antique Weapon Shop.
 15964 | Orc:2    | Reached XP level 15. HP: 72/134 MP: 21/21
 16108 | Orc:2    | Found Bung's Magic Scroll Shop.
 16109 | Orc:2    | Found Laxoen's Weapon Shoppe.
 16109 | Orc:2    | Found Ihenn's Distillery.
 16159 | Orc:2    | Bought a scroll of blinking for 90 gold pieces
 16159 | Orc:2    | Bought a scroll of blinking for 90 gold pieces
 16383 | D:11     | Killed Amaemon
 16412 | D:11     | Identified the +4 ring mail "Vaorifuk" {rElec Stlth+}
 16663 | D:11     | Identified the +4 shortbow of the Riding Fool {freeze, rC+}
 16762 | D:11     | Found Iqebay's General Store.
 16766 | D:11     | Bought a scroll of blinking for 90 gold pieces
 17902 | D:13     | Identified the +0 pair of boots of the Endless Expanse {Fly
                  | Regen+ Int+3 Stlth+} (Okawaru gifted it to you on level 13
                  | of the Dungeon)
 17902 | D:13     | Received a gift from Okawaru
 17967 | D:13     | Reached skill level 20 in Axes
 18012 | D:13     | Identified the +3 hand axe of Friendship {freeze, Int+4
                  | Stlth+}
 18508 | D:14     | Found a gate to the Vaults.
 18914 | D:14     | Found a large runed translucent door.
 18915 | D:14     | Found a large runed translucent door.
 18943 | D:14     | Found an iron altar of Okawaru.
 18944 | D:14     | Found an iron altar of Okawaru.
 19088 | D:14     | Identified the -2 cloak of the Cockroach {rCorr Dex+5}
 19254 | D:15     | Entered Level 15 of the Dungeon
 19349 | D:15     | Received a gift from Okawaru
 19800 | D:15     | Received a gift from Okawaru
 19854 | D:15     | Reached XP level 16. HP: 39/144 MP: 20/23
 19906 | D:15     | Found a staircase to the Depths.
 19931 | D:15     | Found an iron altar of Okawaru.
 20213 | Swamp:1  | Entered Level 1 of the Swamp
 20408 | Swamp:2  | Paralysed by a fenstrider witch for 2 turns
 20537 | Swamp:2  | Received a gift from Okawaru
 20550 | Swamp:2  | Identified the +11 broad axe "Astroh" {freeze, +Blink rPois
                  | Int-3 Stlth+}
 20740 | Swamp:4  | Entered Level 4 of the Swamp
 20964 | Swamp:4  | Received a gift from Okawaru
 21163 | Swamp:4  | Reached skill level 21 in Axes
 21232 | Swamp:4  | Got a decaying rune of Zot
 21304 | Swamp:2  | Noticed Louise
 21324 | Swamp:2  | Killed Louise
 21325 | Swamp:2  | Reached XP level 17. HP: 154/154 MP: 25/25
 21435 | Spider:1 | Entered Level 1 of the Spider Nest
 21540 | Spider:1 | Received a gift from Okawaru
 21701 | Spider:1 | Noticed Frances
 21709 | Spider:1 | Killed Frances
 21710 | Spider:1 | Reached skill level 15 in Armour
 21964 | Spider:1 | Reached skill level 15 in Fighting
 23674 | Spider:3 | Gained mutation: You are clumsy. (Dex -2) [mutagenic glow]
 23768 | Spider:3 | Identified the +1 hat "Niobukh" {Int+2} (Okawaru gifted it
                  | to you on level 3 of the Spider Nest)
 23768 | Spider:3 | Received a gift from Okawaru
 23798 | Spider:3 | Noticed Arachne
 23816 | Spider:3 | Killed Arachne
 23844 | Spider:3 | Noticed Mara
 23936 | Spider:3 | Reached skill level 15 in Shields
 24007 | Spider:4 | Entered Level 4 of the Spider Nest
 24603 | Spider:4 | Reached XP level 18. HP: 98/166 MP: 0/26
 24886 | Spider:4 | Received a gift from Okawaru
 24913 | Spider:4 | Got a gossamer rune of Zot
 25548 | Vaults:1 | Entered Level 1 of the Vaults
 25614 | Vaults:1 | Identified the +3 great sword of Mastery {elec, rElec
                  | Str+3}
 26261 | Vaults:1 | Reached skill level 22 in Axes
 26268 | Vaults:1 | Received a gift from Okawaru
 26794 | Vaults:2 | You are sucked into a shaft and drop 2 floors!
 26856 | Vaults:4 | Received a gift from Okawaru
 26856 | Vaults:4 | Found the +7 Kryia's mail coat {PotionHeal*2 rC+}
 27374 | Vaults:2 | Found Foahum's Armour Boutique.
 27386 | Vaults:2 | Bought the +5 Storm Queen's Shield {shock, Fly rElec} for
                  | 547 gold pieces
 27386 | Vaults:2 | Found the +5 Storm Queen's Shield {shock, Fly rElec}
 27443 | Vaults:2 | Reached XP level 19. HP: 174/174 MP: 28/28
 27526 | Vaults:2 | Reached skill level 15 in Dodging
 27581 | Vaults:2 | Received a gift from Okawaru
 27632 | Vaults:2 | Found Wimut's Weapon Boutique.
 27677 | Vaults:2 | Found Mosaes Kate's Distillery.
 27682 | Vaults:2 | Bought a potion of haste for 100 gold pieces
 27682 | Vaults:2 | Bought a potion of resistance for 100 gold pieces
 28470 | Vaults:2 | Identified the +1 robe "Ofosh" {rF+ Will+ Str+2 Dex+4}
                  | (Okawaru gifted it to you on level 2 of the Vaults)
 28470 | Vaults:2 | Received a gift from Okawaru
 29084 | Vaults:3 | Found a staircase to the Crypt.
 29101 | Crypt:1  | Entered Level 1 of the Crypt
 29144 | Crypt:1  | Noticed Grunn
 29144 | Crypt:1  | Noticed a doom hound
 29153 | Crypt:1  | Killed a doom hound
 29155 | Crypt:1  | Noticed a doom hound
 29162 | Crypt:1  | Killed Grunn
 29164 | Crypt:1  | Killed a doom hound
 29502 | Crypt:1  | Found an ancient bone altar of Kikubaaqudgha.
 29735 | Crypt:1  | Identified the +0 chain mail of Untold Secrets {Str+3 Int+3
                  | Dex+3} (Okawaru gifted it to you on level 1 of the Crypt)
 29735 | Crypt:1  | Received a gift from Okawaru
 29784 | Crypt:2  | Reached XP level 20. HP: 103/177 MP: 29/29
 30158 | Crypt:2  | Reached skill level 10 in Evocations
 30652 | Crypt:2  | Noticed Boris
 30665 | Crypt:2  | HP: 5/173 [disintegration (30)]
 30674 | Crypt:2  | Killed Boris
 30981 | Crypt:3  | Entered Level 3 of the Crypt
 31120 | Crypt:3  | Received a gift from Okawaru
 31464 | Crypt:3  | Found a runed translucent gate.
 31464 | Crypt:3  | Found a runed translucent gate.
 31860 | Crypt:2  | Identified the +0 broad axe of Laceration {heavy, MP+9}
                  | (Okawaru gifted it to you on level 2 of the Crypt)
 31860 | Crypt:2  | Received a gift from Okawaru
 31975 | Crypt:2  | Found an ancient bone altar of Kikubaaqudgha.
 32572 | Vaults:4 | Reached XP level 21. HP: 151/198 MP: 28/30
 32936 | Vaults:4 | Received a gift from Okawaru
 33044 | Vaults:4 | Found Ytech's Jewellery Emporium.
 33607 | Depths:1 | Entered Level 1 of the Depths
 33997 | Depths:1 | Found a gateway to Hell.
 34002 | Depths:1 | Identified the +5 hand axe "Gujoh" {elec, Str+3}
 34108 | Depths:1 | Noticed the Enchantress
 34125 | Depths:1 | Killed the Enchantress
 34141 | Depths:1 | Received a gift from Okawaru
 34565 | Depths:1 | Received a gift from Okawaru
 34611 | Depths:1 | Noticed a profane servitor
 34626 | Depths:1 | Killed a profane servitor
 34632 | Depths:1 | Found a basalt altar of Yredelemnul.
 34997 | Depths:2 | Received a gift from Okawaru
 35032 | Depths:2 | HP: 10/202 [something (25)]
 35032 | Depths:2 | Mangled by a vampire knight

Illustrated notes

Levels and vault maps discovered:
D:1:      minmay_arrival_doors, layout_basic
D:2:      layout_loops_ring, serial_shops, nicolae_shop_tiny_statue_garden
D:3:      layout_basic, yredelemnul_forgotten_temple_becter,
          mainiacjoe_overflow_six_doors_small, lemuel_crystal_altar,
          mainiacjoe_overflow_tiny_flanked
D:4:      layout_loops_ring, nicolae_qazlal_eye_of_the_storm,
          minmay_temple_entry_water_ring, nicolae_ossuary_entry_plus,
          palyth_stone_intersect, minmay_ruined_shrine
D:5:      layout_basic, lemuel_tele_altar, mainiacjoe_overflow_alcove_1,
          grunt_dithmenos_shadows, nicolae_overflow_hidden_temple
D:6:      layout_rooms, kennysheep_orc_sif_temple, serial_shops,
          nicolae_shop_pleasant_corner_grove, shop_fountains,
          nicolae_take_the_stairs, uniq_jeremiah
D:7:      layout_cave_pools
D:8:      layout_loops_ring, ashenzari_altar_1, chequers_serial_rivers_micro_b,
          nicolae_shop_i_like_big_books
D:9:      layout_roguey, nicolae_ru_sacrificial_ziggurat, amcnicky_altar_gilded,
          nicolae_elevator_lobby_asterisk
D:10:     layout_rooms, hiddenorc2_lemuel, enter_trove_1, water_boxes_lemuel,
          uniq_josephine
D:11:     layout_rooms, serial_shops, nicolae_shop_pleasant_corner_grove,
          uniq_amaemon
D:12:     layout_loops_ring
D:13:     layout_irregular_city, evilmike_butchery
D:14:     okawaru_arena_lexackson, layout_stronghold,
          lightli_vaults_fourway_checkpoint
D:15:     hellmonk_depths_entry_around_the_bend, layout_irregular_city,
          minmay_misc_feat_secret_circle, okawaru_metal_pillars_1_2
Temple:   compressed_dpeg_triangle_lava_temple
Lair:1:   dragon1_lemuel, layout_regular_city, wad_woods_01,
          infiniplex_staircase_pool_2, uniq_nergalle, uniq_harold
Lair:2:   layout_loops_ring, nicolae_swamp_entry_spooky, spider_nest_entry_webs,
          enter_volcano_1, serial_rivers, chequers_serial_rivers_small_a,
          chequers_serial_rivers_micro_b, chequers_serial_rivers_micro_c,
          chequers_serial_rivers_small_a, gammafunk_ghost_wrathful_warriors,
          infiniplex_staircase_pool, uniq_gastronok
Lair:3:   layout_chaotic_city, gauntlet_entry_generic, serial_rivers,
          chequers_serial_rivers_micro_a, chequers_serial_rivers_micro_e,
          chequers_serial_rivers_large_a, chequers_serial_rivers_small_b,
          chequers_serial_rivers_micro_c, chequers_serial_rivers_small_3,
          minmay_holes, grunt_megastairs_4
Lair:4:   layout_cave_shapes, minmay_slime_entry_pillars, fungi_pond_lemuel
Lair:5:   hangedman_lair_caniforms_friends, layout_misc_corridors, wormcave,
          pdpol_lair_neglected_garden, nicolae_lair_run_with_the_wolves
Swamp:1:  layout_falls_marsh, evilmike_swamp_ruin_house_4, swamp_pool2,
          nicolae_swamp_spriggan_camp
Swamp:2:  layout_falls_marsh, hangedman_swamp_ruin_wall, swamp_pool1,
          uniq_louise
Swamp:3:  layout_basic_swamp, nicolae_swamp_feature_on_the_river_bank
Swamp:4:  swamp, layout_basic_swamp, swamp_pool5, nicolae_swamp_thats_no_hydra
Spider:1: layout_chambers, nicolae_spider_bug_shape, uniq_frances
Spider:2: layout_spider_delve
Spider:3: nicolae_spider_hall_of_the_moth_king, nicolae_spider_cling_halls,
          uniq_arachne, uniq_nikola, uniq_mara
Spider:4: spider_rune_water, drop_trap
Orc:1:    layout_caves, serial_shops, shop
Orc:2:    st_orc_elflike, layout_diamond_mine
Vaults:1: nicolae_vaults_tetromino_L_2, vaults_room_large_hall,
          vaults_room_fancy_cross, nicolae_vaults_more_shelving_1,
          nicolae_vaults_stepped_doors, vaults_room_door_hall,
          hangedman_vaults_stretched_pinwheel, ontoclasm_vaults_ligature,
          hangedman_vaults_slice, nicolae_vaults_diamond_2,
          layout_vaults_omnigrid
Vaults:2: nicolae_vaults_house_2, ontoclasm_vaults_tryst, grunt_vaults_bifocal,
          v_pattern_4, ontoclasm_vaults_shuriken,
          nicolae_vaults_diffraction_hallways, nicolae_vaults_closet_pinwheel_3,
          nicolae_vaults_tetromino_T_2, nicolae_vaults_network_periphery,
          ontoclasm_vaults_gateway, vaults_mumra_hexcomb, v_alt_pattern_1,
          layout_vaults_omnicross, serial_shops, nicolae_shop_hallway_stairs,
          nicolae_shop_gibbet_a_chance, nicolae_shop_hallway_plus
Vaults:3: vaults_room_grunt_arrival_ludios, minmay_crypt_entry_simple_round,
          hangedman_vaults_locks, vaults_room_octagon,
          nicolae_vaults_circle_grid_a, nicolae_vaults_offset_grid_hallway_3,
          nicolae_vaults_storage_closets_1, nicolae_vaults_tetromino_Z_1,
          nicolae_vaults_trapezoid_lopsided_3, nicolae_vaults_little_squares_2,
          hangedman_vaults_stagger, layout_vaults_omnibox
Vaults:4: nicolae_vaults_border_crossing, v_misc_8, nicolae_vaults_spaceships,
          nicolae_vaults_rhombus_5, vaults_mumra_minichess_inversion,
          nicolae_vaults_lightning_bolt, nicolae_vaults_six-pack,
          nicolae_vaults_tetromino_L_1, nicolae_vaults_house_2,
          nicolae_vaults_gold_heap, nicolae_vaults_theta,
          nicolae_vaults_double_plus_3, vaults_room_ringed_pool, v_misc_12,
          nicolae_vaults_network_square, vaults_dpeg_diagonal,
          nicolae_vaults_circle_grid_a, nicolae_vaults_storage_room_doors,
          layout_vaults_maze, serial_shops, shop
Crypt:1:  layout_chaotic_city, basic_altar, uniq_grunn
Crypt:2:  cheibrodos_crypt_eye_of_stone, layout_regular_city, minivault_14,
          uniq_boris
Crypt:3:  david_glass_crypt, layout_misc_corridors,
          nicolae_tomb_entry_unfolded_pyramid_diagonal, gammafunk_ghost_cemetery
Depths:1: layout_cave_shapes, lightli_too_deep, serial_bayou_pond_e,
          hangedman_abyss_or_decor_stagger, hangedman_blasphemy,
          uniq_enchantress
Depths:2: kennysheep_demon_jail, layout_cave_pools, hangedman_tar_grid_catacomb,
          grunt_pan_entry_in_and_out, kennysheep_path_1, serial_glass,
          glass_columns_a, glass_columns_b, glass_columns_b, glass_columns_b,
          glass_columns_a, glass_columns_c, item_on_display_a,
          due_unseen_surprise, unseen_surprise_small, serial_bayou_shore_b,
          serial_bayou_shore_b

Skill      XL: |  1  2  3  4  5  6  7  8  9 10 11 12 13 14 15 16 17 18 19 20 21 |
---------------+----------------------------------------------------------------+-----
Axes           | 3 4 5 6 8 10 11 12 14 16 18 19 20 21 22 | 22.0
Invocations    | 1 3 4 5 6 7 8 9 10 11 12 13 14 | 14.0
Dodging        | 2 3 5 6 8 9 10 12 13 14 16 17 18 | 18.1
Fighting       | 4 5 7 8 9 11 12 13 14 15 16 17 19 20 | 20.4
Armour         | 4 5 7 8 9 11 12 13 14 15 16 17 19 | 19.8
Evocations     | 2 3 4 5 6 8 9 10 | 10.0
Shields        | 5 6 7 9 10 11 13 14 15 16 17 18 19 | 19.6

Action                     |  1- 3 |  4- 6 |  7- 9 | 10-12 | 13-15 | 16-18 | 19-21 || total
---------------------------+-------+-------+-------+-------+-------+-------+-------++-------
  Melee: War axe           |    75 |   143 |   329 |   584 |  1092 |   136 |       ||  2359
         Headbutt          |    13 |    20 |    62 |   109 |   263 |   266 |   277 ||  1010
         Broad axe         |       |       |       |       |       |   898 |  1065 ||  1963
 Invoke: Heroism           |       |       |     3 |    12 |    14 |     7 |    12 ||    48
         Finesse           |       |       |       |       |     2 |       |     1 ||     3
  Evoke: Wand              |       |       |       |     4 |       |       |       ||     4
    Use: Scroll            |     2 |     8 |    13 |     4 |    13 |     7 |     4 ||    51
         Potion            |       |     1 |       |     1 |     2 |     1 |     4 ||     9
   Stab: Sleeping          |       |       |       |       |       |     2 |     1 ||     3
 Armour: Scale mail        |    40 |    67 |   110 |       |       |       |       ||   217
         Acid dragon scale |       |       |    12 |   148 |   109 |       |    22 ||   291
         Chain mail        |       |       |       |       |   275 |   491 |   302 ||  1068
  Dodge: Dodged            |    31 |    45 |    98 |   152 |   349 |   422 |   231 ||  1328
  Block: Buckler           |    17 |    18 |    25 |       |       |       |       ||    60
         Kite shield       |       |       |    72 |   319 |   715 |   719 |   870 ||  2695
         Reflection        |       |       |       |       |       |       |    15 ||    15

Table legend: (Time is in decaauts)
 A = Elapsed time spent in this place.
 B = Non-inter-level travel time spent in this place.
 C = Inter-level travel time spent in this place.
 D = Time resting spent in this place.
 E = Time spent auto-exploring this place.
 F = Levels seen in this place.
 G = Mean time per level.
                   A        B        C        D        E       F      G
               +--------+--------+--------+--------+--------+-----+--------+
         Total |  34348 |  32566 |   1782 |   2266 |  17078 |  44 |  780.6 |
       Dungeon |  11817 |  11096 |    721 |    432 |   7431 |  15 |  787.8 |
        Temple |     16 |     16 |      0 |      0 |      0 |   1 |   16.0 |
          Lair |   5389 |   5011 |    378 |    269 |   2693 |   5 | 1077.8 |
         Swamp |   1124 |   1076 |     48 |     20 |    175 |   4 |  281.0 |
   Spider Nest |   3828 |   3687 |    141 |    237 |   1774 |   4 |  957.0 |
  Orcish Mines |   1502 |   1351 |    151 |     74 |    695 |   2 |  751.0 |
        Vaults |   4898 |   4663 |    235 |    136 |   3164 |   4 | 1224.5 |
         Crypt |   2847 |   2756 |     91 |    544 |    382 |   3 |  949.0 |
        Depths |   1367 |   1353 |     14 |    144 |    717 |   2 |  683.5 |
         Trove |     61 |     61 |      0 |      0 |      0 |   1 |   61.0 |
       Ossuary |    660 |    660 |      0 |    270 |     46 |   1 |  660.0 |
       Volcano |    518 |    518 |      0 |    136 |      0 |   1 |  518.0 |
      Gauntlet |    316 |    316 |      0 |      2 |      0 |   1 |  316.0 |
               +--------+--------+--------+--------+--------+-----+--------+

Top non-repeatable levels by time:
  Lair:5: 1479 daAuts
  Lair:2: 1329 daAuts
Vaults:2: 1272 daAuts
Spider:4: 1268 daAuts
Vaults:4: 1251 daAuts
Vaults:1: 1245 daAuts
Depths:1: 1185 daAuts
Spider:1: 1151 daAuts
  Lair:1: 1132 daAuts
Vaults:3: 1128 daAuts
 Crypt:2: 1126 daAuts
     D:3: 1074 daAuts
Spider:2: 1043 daAuts
    D:10: 1029 daAuts
   Orc:2: 1028 daAuts
